 Dungeon Crawl Stone Soup version 0.23-a0-49-gd9f7a49 (webtiles) character file.

319856 topirishpotato the Tortoise (level 21, -1/132 HPs)
             Began as a Gargoyle Fighter on Aug 6, 2018.
             Was the Champion of Ashenzari.
             Splashed by an acid blob's acid (6 damage)
             ... on level 2 of the Pits of Slime.
             The game lasted 02:45:02 (44870 turns).

topirishpotato the Tortoise (Gargoyle Fighter)     Turns: 44870, Time: 02:45:12

Health: -1/132     AC: 34    Str: 24    XL:     21   Next: 48%
Magic:  37/37      EV: 13    Int: 14    God:    Ashenzari [******]
Gold:   1932       SH: 20    Dex: 13    Spells: 10/45 levels left

rFire    . . .     SeeInvis +   j - +9 eveningstar (flame) (curse)
rCold    + . .     Gourm    .   c - +1 shield (curse)
rNeg     + . .     Faith    .   S - +4 plate armour {rC+} (curse)
rPois    ∞         Spirit   .   l - +2 helmet (curse)
rElec    +         Reflect  +   A - +2 cloak (curse)
rCorr    +         Harm     .   H - +2 pair of gloves {Dex+3} (curse)
MR       +....     Clarity  +   o - +2 pair of boots (curse)
Stlth    ..........             i - +5 amulet of reflection (curse)
HPRegen  0.72/turn              O - ring of resist corrosion (curse)
MPRegen  0.25/turn              C - ring of wizardry (curse)

@: corroded, flying, studying Air Magic
A: big wings, yellow scales 1, berserk 1, mutation resistance 1, negative energy
resistance 1, regeneration 1, screaming 1, electricity resistance, unbreathing,
petrification resistance, rot immunity, sturdy frame 1, AC +16
}: 2/15 runes: decaying, serpentine
a: Stop Flying, Curse Item, Scrying, Transfer Knowledge, Renounce Religion


You were on level 2 of the Pits of Slime.
You worshipped Ashenzari.
Ashenzari was exalted by your worship.
You were not hungry.

You visited 8 branches of the dungeon, and saw 39 of its levels.
You visited the Abyss 1 time.

You collected 3693 gold pieces.
You spent 1761 gold pieces at shops.

Inventory:

Hand Weapons
 g - a +4 mace of venom
 h - a +4 flail of flaming
 j - a cursed +9 eveningstar of flaming (weapon)
 u - a +1 flail of protection
Missiles
 n - 1092 stones (quivered)
 W - 783 arrows
Armour
 b - a +1 robe of the Archmagi
 c - a cursed +1 shield (worn)
 l - a cursed +2 helmet (worn)
 o - a cursed +2 pair of boots (worn)
 v - the cursed +0 scale mail "Ytyokaer" {rF++}
   (You bought it in a shop on level 1 of the Orcish Mines)

   It greatly protects you from fire.
   It has a curse placed upon it.
 A - a cursed +2 cloak (worn)
 H - a cursed +2 pair of gloves of dexterity (worn)
 S - a cursed +4 plate armour of cold resistance (worn)
Magical Staves
 w - an uncursed staff of power
 y - an uncursed staff of air
Jewellery
 a - an uncursed ring of positive energy
 d - an uncursed amulet of the gourmand
 i - a cursed +5 amulet of reflection (around neck)
 q - an uncursed amulet of magic regeneration
 x - a +5 ring of slaying
 B - an uncursed ring of protection from cold
 C - a cursed ring of wizardry (right hand)
 J - an uncursed ring of protection from magic
 L - an uncursed ring of magical power
 M - a +4 ring of evasion
 O - a cursed ring of resist corrosion (left hand)
 Q - an uncursed amulet of regeneration
 T - a +3 ring of slaying
Wands
 r - a wand of digging (36)
 F - a wand of scattershot (6)
 N - a wand of polymorph (24)
Scrolls
 m - 5 scrolls of teleportation
 z - a scroll of silence
 D - a scroll of blinking
 E - 7 scrolls of remove curse
 G - 2 scrolls of magic mapping
 I - 16 scrolls of identify
 R - 5 scrolls of immolation
 Y - 3 scrolls of amnesia
 Z - a scroll of fog
Potions
 f - 2 potions of cancellation
 k - 3 potions of brilliance
 p - 4 potions of magic
 V - a potion of curing
Books
 e - a manual of Air Magic
Miscellaneous
 s - a fan of gales
 K - 4 boxes of beasts
 P - a phial of floods
Comestibles
 t - 38 rations


   Skills:
 - Level 14.4 Fighting
 - Level 11.8(16.0) Maces & Flails
 + Level 18.3(23.2) Armour
 * Level 7.9 Dodging
 - Level 13.4(16.0) Shields
 * Level 12.5 Spellcasting
 * Level 11.5(15.7) Conjurations
 - Level 8.6(13.0) Charms
 - Level 4.1(8.3) Summonings
 - Level 1.2(3.9) Necromancy
 - Level 4.9(9.3) Fire Magic
 * Level 12.0(16.1) Air Magic
 * Level 12.5(16.6) Earth Magic
 - Level 5.9(10.4) Poison Magic


You had 10 spell levels left.
You knew the following spells:

 Your Spells              Type           Power        Failure   Level  Hunger
a - Regeneration          Chrm/Necr      ####......   1%          3    None
b - Sandblast             Erth           ######       1%          1    None
c - Stone Arrow           Conj/Erth      ######       1%          3    None
d - Summon Butterflies    Summ           ####....     1%          1    None
e - Mephitic Cloud        Conj/Pois/Air  #####...     1%          3    None
f - Swiftness             Chrm/Air       #####...     1%          2    None
g - Summon Lightning Spi  Summ/Air       #####...     1%          4    ###....
h - Bolt of Magma         Conj/Fire/Erth #####.....   1%          5    #####..
i - Deflect Missiles      Chrm/Air       #####.....   4%          6    ######.
j - Summon Guardian Gole  Hex/Summ       ###.....     4%          3    None
k - Airstrike             Air            ######....   1%          4    ###....

Your spell library contained the following spells:

 Spells                   Type           Power        Failure   Level  Hunger
 Magic Dart               Conj           ####         1%          1    None
 Apportation              Tloc           ##....       9%          1    None
 Conjure Flame            Conj/Fire      #####...     1%          3    None
 Lightning Bolt           Conj/Air       ######....   1%          5    #####..
 Slow                     Hex            ##......     12%         2    None
 Confuse                  Hex            ##......     22%         3    None
 Invisibility             Hex            ##......     100%        6    ######.
 Ring of Flames           Chrm/Fire      #####.....   63%         7    #######
 Teleport Other           Tloc           ##......     24%         3    None
 Summon Small Mammal      Summ           ####         1%          1    None
 Lehudib's Crystal Spear  Conj/Erth      ######....   61%         8    #######
 Fire Storm               Conj/Fire      #####.....   100%        9    #######
 Blink                    Tloc           N/A          12%         2    None
 Iskenderun's Mystic Bla  Conj           ######..     1%          4    ###....
 Animate Dead             Necr           N/A          21%         4    ###....
 Pain                     Necr           ###.         1%          1    None
 Animate Skeleton         Necr           N/A          1%          1    None
 Vampiric Draining        Necr           ###.......   6%          3    None
 Summon Ice Beast         Ice/Summ       ###.....     16%         4    ###....
 Call Imp                 Summ           ####....     1%          2    None
 Poison Arrow             Conj/Pois      #####.....   8%          6    ######.
 Tukima's Dance           Hex            ##......     22%         3    None
 Corpse Rot               Necr           N/A          3%          2    None
 Shock                    Conj/Air       ####         1%          1    None
 Recall                   Summ/Tloc      N/A          4%          3    None
 Statue Form              Tmut/Erth      ####.....    41%         6    ######.
 Death Channel            Necr           ###.......   95%         6    ######.
 Glaciate                 Conj/Ice       ####......   100%        9    #######
 Confusing Touch          Hex            ##....       8%          1    None
 Passwall                 Tmut/Erth      ####....     1%          2    None
 Ignite Poison            Fire/Tmut/Pois ####....     1%          3    None
 Call Canine Familiar     Summ           ####....     1%          3    None
 Metabolic Englaciation   Hex/Ice        ##........   88%         5    #####..
 Static Discharge         Conj/Air       ######..     1%          3    None
 Alistair's Intoxication  Tmut/Pois      ###.....     28%         5    #####..
 Lee's Rapid Deconstruct  Erth           ######....   1%          5    #####..
 Simulacrum               Ice/Necr       ###.......   99%         6    ######.
 Chain Lightning          Conj/Air       ######....   65%         8    #######
 Petrify                  Tmut/Erth      ####....     3%          4    ###....
 Passage of Golubria      Tloc           N/A          58%         4    ###....
 Leda's Liquefaction      Hex/Erth       ####......   2%          4    ###....
 Summon Hydra             Summ           ####......   94%         7    #######
 Shroud of Golubria       Chrm/Tloc      ####......   1%          2    None
 Fulminant Prism          Conj/Hex       ####......   3%          4    ###....
 Dazzling Spray           Conj/Hex       ####..       1%          3    None
 Force Lance              Conj/Tloc      ####....     3%          4    ###....
 Infusion                 Chrm           ####         1%          1    None
 Song of Slaying          Chrm           #####...     1%          2    None
 Spectral Weapon          Hex/Chrm       ####....     1%          3    None
 Searing Ray              Conj           ######       1%          2    None
 Summon Forest            Summ/Tloc      ###.......   41%         5    #####..
 Hydra Form               Tmut           ##........   100%        6    ######.
 Gell's Gravitas          Tloc           ##........   24%         3    None
 Yara's Violent Unravell  Hex/Tmut       ##........   88%         5    #####..
 Lesser Beckoning         Tloc           ##........   24%         3    None
 Borgnjor's Vile Clutch   Necr/Erth      #####.....   4%          5    #####..


Dungeon Overview and Level Annotations

Branches:
Dungeon (15/15)            Temple (1/1) D:7            Lair (6/6) D:8
  Swamp (4/4) Lair:2        Snake (4/4) Lair:2        Slime (4/5) Lair:5
    Orc (2/2) D:12            Elf (3/3) Orc:2        Vaults (0/5) D:13
 Depths (0/5) D:15

Altars:
Ashenzari
Cheibriados
Dithmenos
Elyvilon
Fedhas
Gozag
Hepliaklqana
Kikubaaqudgha
Makhleb
Nemelex Xobeh
Okawaru
Qazlal
Ru
Sif Muna
Trog
Uskayaw
Vehumet
Wu Jian
Xom
Yredelemnul
Zin
The Shining One
Beogh

Shops:
D:6 [   Orc:1 [   Orc:2 =[:%   Elf:2 !

Portals:
Trove: D:11 (give 5 scrolls of blinking)


Innate Abilities, Weirdness & Mutations

You are resistant to torment.
Your stone body is resilient. (AC +16)
You are immune to poison.
Your large and strong wings let you fly indefinitely.
You resist negative energy. (rN+)
You are resistant to electric shocks. (rElec)
You can survive without breathing.
You are immune to petrification.
You are immune to rotting.
You are partially covered in yellow scales. (AC +2)
You tend to lose your temper in combat.
You are somewhat resistant to further mutation.
Your natural rate of healing is unusually fast.
You occasionally shout uncontrollably at your foes.
Your movements are slightly less encumbered by armour. (ER -2)


Message History

You barely miss the acid blob.
The acid blob is moderately wounded.
You block the slime creature's attack. You block the acid blob's attack.
You puncture the acid blob! You burn the acid blob.
Your hands burn!
* * * LOW HITPOINT WARNING * * *
The acid blob is heavily wounded.
You block the slime creature's attack. The acid blob hits you.
* * * LOW HITPOINT WARNING * * *
The acid corrodes you!
You are splashed with acid!
The acid burns!
You resist.
* * * LOW HITPOINT WARNING * * *
You block the slime creature's attack.
You feel better. You block the acid blob's attack.
You block the slime creature's attack. The slime creature closely misses you.
You hit the acid blob but do no damage.
Your hands burn!
* * * LOW HITPOINT WARNING * * *
The acid blob is heavily wounded.
The acid blob hits you!
* * * LOW HITPOINT WARNING * * *
You are splashed with acid!
The acid burns!
You resist.
You die...

#..............................#
#..............................##
........##........#.............#
...###.#####.........#.....#.#.##
..## ### ##..#........##....#...#
.., ##.............###..##.## #.
##.#.............##......# ##
#...#...........##......##
##.......@......#.......#
#......JJJ....#........##
##.........#.#.#........#
##.........#..........##
####.#....#...#..#...##
##.#.......#..........#
#..........##.........##
##.##.......##.........#
##.##............#..<..##


You could see an acid blob and 2 slime creatures.

Vanquished Creatures
  Vashnia (Snake:1)
  Rupert (Lair:6)
  3 deep elf blademasters
  A deep elf master archer (Elf:3)
  7 acid blobs
  Agnes (D:15)
  4 thorn hunters
  Kirke (Snake:1)
  Roxanne (D:14)
  5 azure jellies
  19 nagarajas
  6 deep elf sorcerers
  2 orc warlords (Orc:2)
  Louise (Snake:1)
  An angel (Snake:1)
  6 deep elf elementalists (Elf:3)
  6 deep elf demonologists
  4 deep elf annihilators (Elf:3)
  2 green deaths (Snake:3)
  6 deep elf death magi (Elf:3)
  A death ooze (Slime:3)
  2 deep elf high priests (Elf:3)
  A fire dragon (D:14)
  Josephine (Swamp:1)
  2 great orbs of eyes
  Erolcha (Orc:1)
  A catoblepas (Lair:6)
  15 naga warriors
  24 hydras
  12 anacondas
  5 centaur warriors
  22 dancing weapons
  8 alligators
  A tengu warrior (D:14)
  6 death yaks
  3 two-headed ogres
  4 orc high priests (Orc:2)
  11 naga sharpshooters
  8 shock serpents
  14 deep elf knights
  3 salamander mystics (Snake:3)
  A spriggan druid (Swamp:4)
  A large abomination (Elf:3)
  4 unseen horrors
  A glowing orange brain (D:15)
  8 swamp dragons
  12 naga ritualists
  2 shambling mangroves
  4 deep elf archers
  8 orc knights
  2 wolf spider zombies
  A necromancer (D:13)
  61 deep elf magi
  2 shining eyes
  9 ugly things
  106 slime creatures
  A faun (shapeshifter) (D:15)
  8 orc sorcerers
  5 salamanders
  9 mana vipers
  4 cyclopes
  9 elephants
  2 manticores
  An eye of devastation (Lair:5)
  41 black mambas
  18 guardian serpents
  19 naga magi
  12 spiny frogs
  6 centaur skeletons
  A torpor snail (Lair:5)
  4 rime drakes (Lair:4)
  9 komodo dragons
  A yaktaur (D:15)
  4 kobold demonologists (D:13)
  2 starcursed masses (Abyss:3)
  2 tengu conjurers
  17 hornets
  6 polar bears
  8 trolls
  A merfolk (shapeshifter) (Elf:2)
  Grinder (D:6)
  12 blink frogs
  9 tyrant leeches
  2 bog bodies
  5 dream sheep
  16 hippogriffs
  3 air elementals
  Sigmund (D:6)
  2 shadows
  A vampire (D:15)
  A spriggan (shapeshifter) (D:15)
  36 yaks
  4 water elementals
  18 spriggans
  9 basilisks
  6 wraiths
  7 wyverns
  2 fire elementals (Elf:2)
  A human (shapeshifter) (D:15)
  7 golden eyes
  Grum (D:8)
  A hog (Snake:1)
  2 hungry ghosts
  13 vampire mosquitoes
  5 wargs
  14 insubstantial wisps
  48 nagas
  11 water moccasins
  14 swamp worms
  10 porcupines
  42 orc warriors
  4 sky beasts
  5 eyes of draining
  16 swamp drakes
  A phantom (D:6)
  6 black bears
  A necrophage (D:9)
  23 ogres
  4 boggarts (Lair:6)
  7 ice beasts
  9 centaurs
  20 wolves
  20 crocodiles
  9 big kobolds
  25 bullfrogs
  A wyvern zombie (D:10)
  An earth elemental (Elf:1)
  5 scorpions
  3 killer bees (D:13)
  2 howler monkeys
  6 electric eels
  10 wights
  6 centaur zombies
  8 crimson imps
  3 bullfrog zombies
  A quasit (D:6)
  5 hounds
  A gnoll shaman (Orc:2)
  6 jellies
  A bullfrog skeleton (D:7)
  22 orc wizards
  31 orc priests
  Jessica (D:3)
  2 iguanas
  9 worker ants
  2 hound skeletons
  A worker ant zombie (D:11)
  24 adders
  8 gnolls
  A howler monkey skeleton (D:5)
  3 shadow imps
  A worker ant simulacrum (D:9)
  An ooze (D:3)
  2 worms (D:3)
  3 dart slugs (D:2)
  8 leopard geckos
  115 orcs
  12 bats
  5 giant cockroaches
  8 goblins
  7 hobgoblins
  13 jackals
  7 quokkas
  A ball python (D:2)
  12 frilled lizards
  20 kobolds
  6 rats
  3 briar patches
  5 fungi
  2 plants
1483 creatures vanquished.

Vanquished Creatures (collateral kills)
  A wretched star (Abyss:3)
  An ancient zyme (Abyss:3)
  2 orc priests (Orc:2)
  2 orcs (Orc:2)
6 creatures vanquished.

Vanquished Creatures (others)
  A deep elf master archer (Elf:3)
  Nessos (D:14)
  A naga sharpshooter (Snake:4)
  A deep elf archer (D:15)
  2 deep elf magi
  A guardian serpent (Snake:4)
  A cyclops (D:9)
  A bog body (Swamp:1)
  5 dream sheep (Lair:6)
  2 humans (Snake:1)
  A swamp worm (Swamp:4)
  A swamp drake (Swamp:4)
  A centaur (D:11)
  A killer bee (D:13)
  2 orcs
  2 kobolds
  21 fungi
  36 plants
81 creatures vanquished.

Grand Total: 1570 creatures vanquished

Notes
Turn   | Place    | Note
-------+----------+-------------------------------------------
     0 | D:1      | topirishpotato the Gargoyle Fighter began the quest for the Orb.
     0 | D:1      | Reached XP level 1. HP: 14/14 MP: 1/1
    90 | D:1      | Reached XP level 2. HP: 15/19 MP: 2/2
   811 | D:2      | Reached XP level 3. HP: 22/23 MP: 3/3
  1085 | D:2      | Reached XP level 4. HP: 28/28 MP: 4/4
  1179 | D:2      | HP: 1/28 [wight/enchanted short sword (5)]
  1189 | D:2      | Reached skill level 4 in Armour
  1190 | D:2      | Reached skill level 1 in Spellcasting
  1190 | D:2      | Reached XP level 5. HP: 8/32 MP: 4/6
  1196 | D:2      | Reached skill level 5 in Shields
  1196 | D:2      | Reached XP level 6. HP: 10/37 MP: 4/8
  2297 | D:3      | Found a faded altar of an unknown god.
  2705 | D:3      | Noticed Jessica
  2710 | D:3      | Killed Jessica
  3255 | D:4      | Reached XP level 7. HP: 41/41 MP: 9/9
  3411 | D:4      | Reached skill level 5 in Armour
  4318 | D:5      | Entered Level 5 of the Dungeon
  4632 | D:5      | Found a burning altar of Makhleb.
  5026 | D:5      | Reached XP level 8. HP: 47/47 MP: 11/11
  5218 | D:6      | Noticed a hippogriff
  5231 | D:6      | Killed a hippogriff
  5231 | D:6      | Reached skill level 5 in Maces & Flails
  5343 | D:6      | Found Eppav's Armour Shop.
  5436 | D:6      | Noticed Grinder
  5445 | D:6      | Killed Grinder
  5516 | D:6      | Noticed Sigmund
  5536 | D:6      | Killed Sigmund
  5536 | D:6      | Reached skill level 6 in Armour
  5536 | D:6      | Reached XP level 9. HP: 44/51 MP: 12/14
  6080 | D:7      | Found a staircase to the Ecumenical Temple.
  6089 | Temple   | Entered the Ecumenical Temple
  6151 | Temple   | Became a worshipper of Ashenzari the Shackled
  6604 | D:7      | Found a shimmering altar of Xom.
  6604 | D:7      | Found a sacrificial altar of Ru.
  6722 | D:7      | Reached * piety under Ashenzari
  7215 | D:8      | Reached skill level 10 in Shields
  7271 | D:8      | Reached XP level 10. HP: 28/56 MP: 16/16
  7279 | D:8      | Found a staircase to the Lair.
  7471 | D:8      | Reached skill level 7 in Armour
  7649 | D:8      | Noticed Grum
  7674 | D:8      | Killed Grum
  7684 | D:8      | Reached ** piety under Ashenzari
  7718 | D:8      | Gained mutation: You are frail. (-10% HP) [potion of mutation]
  7718 | D:8      | Gained mutation: You are partially covered in thin metallic scales. (AC +2) [potion of mutation]
  7718 | D:8      | Gained mutation: Your large and strong wings let you fly indefinitely. [potion of mutation]
  7718 | D:8      | Gained mutation: You are partially covered in slimy green scales. (AC +2) [potion of mutation]
  7813 | D:8      | Found a burning altar of Makhleb.
  7885 | D:8      | Found a radiant altar of Vehumet.
  8484 | D:9      | Noticed a cyclops
  8513 | D:9      | Killed a cyclops
  8513 | D:9      | Reached skill level 5 in Spellcasting
  8958 | D:10     | Entered Level 10 of the Dungeon
  8972 | D:10     | Learned a level 3 spell: Regeneration
  9082 | D:10     | Reached XP level 11. HP: 54/54 MP: 18/18
  9183 | D:10     | Reached skill level 1 in Charms
  9189 | D:10     | Reached skill level 1 in Necromancy
  9493 | D:10     | Learned a level 1 spell: Sandblast
  9497 | D:10     | Learned a level 3 spell: Stone Arrow
  9732 | D:10     | Reached skill level 8 in Armour
  9745 | D:10     | Reached skill level 1 in Earth Magic
  9751 | D:10     | Reached skill level 1 in Conjurations
  9787 | D:10     | Noticed a three-headed hydra
  9800 | D:10     | Killed a three-headed hydra
  9923 | D:11     | Reached *** piety under Ashenzari
  9978 | D:11     | Noticed a cyan ugly thing
  9990 | D:11     | Killed a cyan ugly thing
 10285 | D:11     | Found a portal to a secret trove of treasure.
 10456 | D:11     | Noticed a two-headed ogre
 10469 | D:11     | Killed a two-headed ogre
 10567 | D:11     | Reached XP level 12. HP: 58/58 MP: 21/21
 10800 | D:12     | Reached skill level 10 in Maces & Flails
 10801 | D:12     | Found a staircase to the Orcish Mines.
 11167 | D:12     | Reached **** piety under Ashenzari
 11208 | D:12     | Noticed a six-headed hydra
 11218 | D:12     | Killed a six-headed hydra
 11529 | D:13     | Learned a level 1 spell: Summon Butterflies
 11677 | D:13     | Reached skill level 9 in Armour
 11874 | D:13     | Identified the Disquisition on Torrid Augmentations
 11885 | D:13     | Reached skill level 1 in Summonings
 12237 | D:13     | Reached skill level 5 in Earth Magic
 12295 | D:13     | Found a gate to the Vaults.
 12418 | D:13     | Reached ***** piety under Ashenzari
 12456 | D:13     | Reached skill level 5 in Conjurations
 12625 | D:14     | Noticed a tengu warrior
 12642 | D:14     | Killed a tengu warrior
 12642 | D:14     | Reached XP level 13. HP: 62/62 MP: 23/23
 12652 | D:14     | Reached skill level 10 in Armour
 12671 | D:14     | Noticed Nessos
 12677 | D:14     | Killed Nessos
 12722 | D:14     | Noticed Roxanne
 12776 | D:14     | Killed Roxanne
 12777 | D:14     | Identified Roxanne's Catalogue of the Rocks (You took it off Roxanne on level 14 of the Dungeon)
 13365 | D:14     | Reached skill level 11 in Armour
 13558 | D:14     | Noticed a fire dragon
 13581 | D:14     | Killed a fire dragon
 13914 | D:15     | Entered Level 15 of the Dungeon
 14344 | D:15     | Noticed Agnes
 14364 | D:15     | Killed Agnes
 14384 | D:15     | Learned a level 3 spell: Mephitic Cloud
 14670 | D:15     | Reached skill level 12 in Armour
 14670 | D:15     | Reached skill level 1 in Poison Magic
 14694 | D:15     | Reached skill level 1 in Air Magic
 14705 | D:15     | Mutation became permanent: Your large and strong wings let you fly indefinitely. [Gargoyle growth]
 14705 | D:15     | Gained mutation: Your large and strong wings let you fly indefinitely. [Gargoyle growth]
 14705 | D:15     | Reached XP level 14. HP: 45/68 MP: 26/26
 15069 | D:15     | Reached skill level 5 in Fighting
 15777 | D:15     | Found a staircase to the Depths.
 15963 | Orc:1    | Entered Level 1 of the Orcish Mines
 16864 | Orc:2    | Entered Level 2 of the Orcish Mines
 16915 | Orc:2    | Reached skill level 13 in Armour
 17843 | Orc:2    | Noticed an orc warlord
 18209 | Orc:2    | Paralysed by an orc sorcerer for 5 turns
 18335 | Orc:2    | Found Met Edud's Jewellery Boutique.
 18366 | Orc:2    | Found a roughly hewn altar of Beogh.
 18579 | Orc:2    | Noticed an orc warlord
 18601 | Orc:2    | Killed an orc warlord
 18695 | Orc:2    | Found Vaucal's Armour Shop.
 19129 | Orc:2    | Killed an orc warlord
 19166 | Orc:2    | Found Xofuycuj's Book Emporium.
 19429 | Orc:2    | Bought the Reference Book on Helpful Air for 639 gold pieces
 19432 | Orc:2    | Learned a level 2 spell: Swiftness
 19450 | Orc:2    | Found a roughly hewn altar of Beogh.
 19457 | Orc:2    | Found Heoxitisch's Food Shop.
 19693 | Orc:2    | Reached XP level 15. HP: 76/80 MP: 19/27
 19918 | Orc:2    | Found a staircase to the Elven Halls.
 20366 | Orc:1    | Reached ****** piety under Ashenzari
 20371 | Orc:1    | Noticed Erolcha
 20415 | Orc:1    | Killed Erolcha
 20494 | Orc:1    | Found Kowoe's Antique Armour Boutique.
 20500 | Orc:1    | Bought a dazzling scale mail for 252 gold pieces
 20500 | Orc:1    | Identified the cursed +0 scale mail "Ytyokaer" {rF++} (You bought it in a shop on level 1 of the Orcish Mines)
 20641 | Lair:1   | Entered Level 1 of the Lair of Beasts
 21614 | Lair:2   | Found a staircase to the Snake Pit.
 21856 | Lair:2   | Found a staircase to the Swamp.
 22468 | Lair:3   | Reached skill level 10 in Fighting
 22550 | Lair:3   | Reached skill level 14 in Armour
 23819 | Lair:4   | Reached skill level 1 in Dodging
 24896 | Lair:5   | Found a staircase to the Slime Pits.
 25221 | Lair:5   | Reached skill level 5 in Air Magic
 25404 | Lair:5   | Reached skill level 5 in Poison Magic
 25630 | Lair:6   | Entered Level 6 of the Lair of Beasts
 25734 | Lair:6   | Reached XP level 16. HP: 87/90 MP: 29/29
 26483 | Lair:6   | Identified the cursed +1 spear of Hubris {pierce, rPois} (You took it off a spriggan on level 6 of the Lair of Beasts)
 26772 | Lair:6   | Noticed Rupert
 26797 | Lair:6   | Killed Rupert
 27164 | Lair:6   | Found a shimmering altar of Xom.
 27301 | Lair:6   | Identified a scroll of acquirement
 27405 | Snake:1  | Entered Level 1 of the Snake Pit
 27489 | Snake:1  | Noticed Kirke
 27499 | Snake:1  | Killed Kirke
 27605 | Snake:1  | Reached skill level 10 in Earth Magic
 27741 | Snake:1  | Identified the cursed +1 leather armour of Hiunt {Dex+8}
 27769 | Snake:1  | Noticed Louise
 27781 | Snake:1  | Cast into level 3 of the Abyss (Louise)
 27970 | Abyss:3  | Noticed a bone dragon
 27990 | Snake:1  | Escaped the Abyss
 28101 | Snake:1  | Killed Louise
 28734 | Snake:2  | Noticed Vashnia
 28755 | Snake:1  | Killed Vashnia
 29428 | Snake:2  | Reached XP level 17. HP: 93/95 MP: 30/30
 29669 | Snake:2  | Identified the cursed +1 falchion of Orin Ilo {drain, rElec rPois Str+4 Dex-5} (You took it off a nagaraja on level 2 of the Snake Pit)
 29669 | Snake:2  | Reached skill level 10 in Spellcasting
 29837 | Snake:2  | Lost mutation: You are frail. (-10% HP) [potion of mutation]
 29837 | Snake:2  | Lost mutation: You are partially covered in slimy green scales. (AC +2) [potion of mutation]
 29837 | Snake:2  | Gained mutation: You are partially covered in icy blue scales. (AC +2) [potion of mutation]
 29837 | Snake:2  | Gained mutation: You are frail. (-10% HP) [potion of mutation]
 29837 | Snake:2  | Gained mutation: Your flesh is heat resistant. (rF+) [potion of mutation]
 30171 | Snake:3  | Found a runed door.
 30502 | Snake:3  | Identified the +6 scale mail "Loudeuno" {Dex+2}
 31156 | Snake:3  | Lost mutation: You are frail. (-10% HP) [potion of mutation]
 31156 | Snake:3  | Lost mutation: Your flesh is heat resistant. (rF+) [potion of mutation]
 31156 | Snake:3  | Gained mutation: Your natural rate of healing is unusually fast. [potion of mutation]
 31156 | Snake:3  | Gained mutation: Your mind is acute. (Int +2) [potion of mutation]
 31317 | Snake:3  | Reached skill level 15 in Armour
 31847 | Snake:4  | Entered Level 4 of the Snake Pit
 31861 | Snake:4  | Reached skill level 5 in Charms
 32096 | Snake:4  | Identified the +7 battleaxe "Fiawn" {freeze, rPois} (You took it off a naga on level 4 of the Snake Pit)
 32189 | Snake:4  | Reached XP level 18. HP: 115/115 MP: 32/32
 32600 | Snake:4  | Reached skill level 5 in Dodging
 33268 | Snake:4  | Got a serpentine rune of Zot
 33695 | Lair:2   | Learned a level 4 spell: Summon Lightning Spire
 33696 | Swamp:1  | Entered Level 1 of the Swamp
 33998 | Lair:2   | Upgraded the game from 0.23-a0-41-g8b50da7 to 0.23-a0-49-gd9f7a49
 34242 | Swamp:1  | Noticed Josephine
 34251 | Swamp:1  | Killed Josephine
 34556 | Swamp:2  | Reached XP level 19. HP: 101/122 MP: 34/34
 35265 | Swamp:3  | Reached skill level 10 in Air Magic
 35663 | Swamp:3  | Reached skill level 16 in Armour
 36039 | Swamp:4  | Entered Level 4 of the Swamp
 36104 | Swamp:4  | Reached skill level 10 in Conjurations
 36320 | Swamp:4  | Got a decaying rune of Zot
 36680 | Swamp:4  | Lost mutation: You are partially covered in icy blue scales. (AC +2) [potion of mutation]
 36680 | Swamp:4  | Lost mutation: Your mind is acute. (Int +2) [potion of mutation]
 36680 | Swamp:4  | Lost mutation: You are partially covered in thin metallic scales. (AC +2) [potion of mutation]
 36680 | Swamp:4  | Gained mutation: You tend to lose your temper in combat. [potion of mutation]
 36680 | Swamp:4  | Gained mutation: Your mind is acute. (Int +2) [potion of mutation]
 36680 | Swamp:4  | Gained mutation: You are robust. (+10% HP) [potion of mutation]
 36680 | Swamp:4  | Gained mutation: You are somewhat resistant to further mutation. [potion of mutation]
 37038 | Orc:2    | Bought an uncursed ring of protection from magic for 375 gold pieces
 37052 | Orc:2    | Learned a level 5 spell: Bolt of Magma
 37172 | Elf:1    | Entered Level 1 of the Elven Halls
 37503 | Elf:1    | Reached skill level 1 in Fire Magic
 37673 | Elf:1    | Noticed an Ice Fiend
 38235 | Elf:2    | Found Udweudgh's Distillery.
 38256 | Elf:2    | Bought a potion of mutation for 120 gold pieces
 38256 | Elf:2    | Bought a potion of heal wounds for 75 gold pieces
 38256 | Elf:2    | Lost mutation: You are robust. (+10% HP) [potion of mutation]
 38256 | Elf:2    | Lost mutation: You are somewhat resistant to further mutation. [potion of mutation]
 38256 | Elf:2    | Lost mutation: You tend to lose your temper in combat. [potion of mutation]
 38256 | Elf:2    | Gained mutation: You are partially covered in yellow scales. (AC +2) [potion of mutation]
 38256 | Elf:2    | Gained mutation: You are somewhat resistant to further mutation. [potion of mutation]
 38256 | Elf:2    | Gained mutation: You tend to lose your temper in combat. [potion of mutation]
 38256 | Elf:2    | Gained mutation: Your movements are slightly less encumbered by armour. (ER -2) [potion of mutation]
 38289 | Elf:2    | Found a runed gate.
 38289 | Elf:2    | Found a runed gate.
 38289 | Elf:2    | Found a runed gate.
 38336 | Elf:2    | Reached XP level 20. HP: 128/128 MP: 35/35
 38351 | Elf:2    | Reached skill level 17 in Armour
 39225 | Elf:3    | Entered Level 3 of the Elven Halls
 39380 | Elf:3    | Identified the +7 plate armour "Calypo" {-Tele rF- rCorr SInv}
 39585 | Elf:3    | Identified the +4 rapier of Youthful Indiscretion {pierce, Int+3}
 39585 | Elf:3    | Identified the +7 great mace of Grontol {crush, +Inv rF++}
 39788 | Elf:3    | Identified the +1 scale mail of Ryisoh {rC++ rN++ Str-5}
 40374 | Elf:3    | Identified the cursed +0 ring mail of the Slug {+Inv rC+ MR+ Int+3} (You took it off a deep elf blademaster on level 3 of the Elven Halls)
 40527 | Elf:3    | Noticed a Tzitzimitl
 40754 | Elf:3    | Noticed a Brimstone Fiend
 40769 | Elf:3    | Identified the +11 quarterstaff of Lomasa {freeze, rElec Stlth+} (You took it off a deep elf elementalist on level 3 of the Elven Halls)
 40802 | Elf:3    | Identified the +4 hand crossbow "Leviticus" {velocity, MP-9 Int+5}
 40959 | Elf:3    | Identified the +6 chain mail of Lies {Str+3} (You took it off a deep elf high priest on level 3 of the Elven Halls)
 41000 | Elf:3    | Noticed a Brimstone Fiend
 41095 | Elf:3    | Identified the +6 shortbow of Xaussoru {freeze, Int+2}
 41297 | Elf:3    | Learned a level 6 spell: Deflect Missiles
 41425 | Orc:2    | Bought an uncursed ring of resist corrosion for 300 gold pieces
 41635 | Slime:1  | Entered Level 1 of the Pits of Slime
 41761 | Slime:1  | Gained mutation: You occasionally shout uncontrollably at your foes. [a shining eye]
 41767 | Slime:1  | Lost mutation: Your mind is acute. (Int +2) [a shining eye]
 42231 | Slime:1  | Reached XP level 21. HP: 132/132 MP: 37/37
 42256 | Slime:1  | Reached skill level 18 in Armour
 43022 | Slime:1  | Learned a level 3 spell: Summon Guardian Golem
 43027 | Slime:1  | Learned a level 4 spell: Airstrike
 44868 | Slime:2  | HP: 4/132 [acid (4)]
 44870 | Slime:2  | Splashed by an acid blob's acid

Vault maps used:
D:1:      lemuel_arrival_lava_pool
D:2:      minmay_diamond_boxcup
D:3:      chequers_ecumenical_altar_simple, kennysheep_jessica_study
D:4:      first_ration
D:5:      makhleb_heckhound_becter
D:6:      minmay_cornered_nines, serial_shops, shop, uniq_grinder, uniq_sigmund
D:7:      gammafunk_temple_overflow_pools, temple_statues
D:8:      grunt_temple_overflow_lords_of_destruction, minmay_lair_entry_grove,
          uniq_grum
D:9:      wad_arrow_thing
D:10:     hangedman_ranch
D:11:     nicolae_trove_entry_crossroad
D:12:     david_orc_3
D:13:     david_vaults_1, water_boxes_lemuel
D:14:     hangedman_abyss_or_decor_lesser_grid, uniq_nessos, uniq_roxanne
D:15:     gammafunk_enter_depths_forms, hangedman_decor_growths, uniq_agnes
Temple:   compressed_dpeg_circular_temple
Lair:1:   fungi_pond_lemuel, grunt_megastairs_5
Lair:2:   minmay_swamp_entry_worms, guppyfry_snake_entry_island,
          grunt_megastairs_2, lemuel_fruit_tree
Lair:4:   special_room
Lair:5:   minmay_lair_venomous_thicket, minmay_slime_entry_eyes,
          gammafunk_lair_bear_cave
Lair:6:   minmay_lair_end_enchanted_forest, kb_xom_exploding_sheep,
          infiniplex_staircase_pool_2, uniq_rupert
Swamp:1:  evilmike_swamp_ruin_rubble_2, uniq_josephine
Swamp:2:  hangedman_swamp_blocks, swamp_pool3, nicolae_swamp_dense_foliage
Swamp:3:  nicolae_swamp_treefoil, hangedman_swamp_cone,
          infiniplex_staircase_pool
Swamp:4:  swamp, nicolae_swamp_hydra_murder_den
Snake:1:  serial_bayou_ford_a, nicolae_snake_linked_coils, uniq_louise,
          uniq_kirke
Snake:2:  basic_loot_grate_trap, uniq_vashnia
Snake:3:  cheibrodos_toxic_ritual
Snake:4:  snake_hunt, grunt_megastairs_1
Slime:1:  cheibrodos_slime_lost_civilization_10
Orc:1:    serial_shops, shop, uniq_erolcha
Orc:2:    pubby_orc_utopia, serial_shops
Elf:1:    hangedman_elf_represent
Elf:2:    serial_shops, shop, eino_tiny_chamber
Elf:3:    grunt_elf_hall_asides

Skill      XL: |  1  2  3  4  5  6  7  8  9 10 11 12 13 14 15 16 17 18 19 20 21 |
---------------+----------------------------------------------------------------+-----
Shields        | 4 5 7 8 10 12 13 | 13.4
Armour         | 4 5 6 7 8 9 12 13 14 15 16 17 18 | 18.3
Maces & Flails | 3 4 5 7 8 9 10 11 | 11.8
Spellcasting   | 1 2 3 4 5 6 7 8 9 10 11 12 | 12.5
Charms         | 1 3 5 6 7 8 |  8.6
Necromancy     | 1 |  1.2
Earth Magic    | 2 5 7 8 9 10 11 12 | 12.5
Conjurations   | 2 5 6 7 8 9 10 11 | 11.5
Summonings     | 2 4 |  4.1
Fighting       | 4 8 11 12 13 14 | 14.4
Poison Magic   | 1 3 5 |  5.9
Air Magic      | 1 3 5 6 8 9 10 11 12 | 12.0
Dodging        | 1 3 4 5 6 7 |  7.9
Fire Magic     | 2 4 |  4.9

Action                   |  1- 3 |  4- 6 |  7- 9 | 10-12 | 13-15 | 16-18 | 19-21 || total
-------------------------+-------+-------+-------+-------+-------+-------+-------++-------
Melee: Flail             |   106 |       |       |       |       |       |       ||   106
       Mace              |     8 |   158 |   366 |   834 |  1926 |   377 |       ||  3669
       Eveningstar       |       |       |       |       |       |  1201 |  1472 ||  2673
 Cast: Regeneration      |       |       |       |     2 |       |       |       ||     2
       Mephitic Cloud    |       |       |       |       |     6 |       |     5 ||    11
       Stone Arrow       |       |       |       |       |     6 |       |     8 ||    14
       Swiftness         |       |       |       |       |     2 |       |       ||     2
       Sandblast         |       |       |       |       |     1 |       |     1 ||     2
       Bolt of Magma     |       |       |       |       |       |       |    10 ||    10
       Summon Lightning  |       |       |       |       |       |       |     4 ||     4
       Summon Guardian G |       |       |       |       |       |       |     1 ||     1
Invok: Curse Item        |       |       |     7 |     3 |       |     1 |     2 ||    13
 Abil: Fly               |       |       |       |     1 |     2 |     1 |     1 ||     5
       Stop Flying       |       |       |       |     1 |     2 |       |     1 ||     4
  Use: Scroll            |     6 |     5 |     6 |    14 |    11 |    24 |    18 ||    84
       Potion            |       |     7 |     4 |     4 |    18 |     6 |    10 ||    49
 Stab: Invisible         |       |       |       |       |     5 |       |       ||     5
       Confused          |       |       |       |       |     2 |       |     4 ||     6
  Eat: Ration            |       |     3 |     1 |     3 |     7 |     5 |     9 ||    28
       Chunk             |       |       |     7 |     9 |    20 |    14 |     8 ||    58
Armor: Scale mail        |    83 |    60 |   170 |   186 |       |       |       ||   499
       Skin              |       |    15 |       |       |       |       |       ||    15
       Plate armour      |       |       |       |    67 |   701 |   969 |   953 ||  2690
Dodge: Dodged            |    43 |    34 |    78 |   168 |   291 |   377 |   489 ||  1480
Block: Shield            |    82 |   132 |   341 |   709 |  1666 |  1752 |  1433 ||  6115
       Reflection        |       |       |     5 |    23 |    46 |   168 |    58 ||   300

Table legend:
 A = Spawn XP
 B = Non-spawn XP
 C = Spawn XP percentage of total XP
 D = Spawn monster count
 E = Non-spawn monster count
 F = Spawn count percentage of total count
 G = Total turns spent on level
                    A         B        C        D         E        F      G
               +---------+---------+-------+---------+---------+-------+---------
         Total |       0 |  542140 |   0.0 |       0 |    1491 |   0.0 | 44870
               +---------+---------+-------+---------+---------+-------+---------
           D:1 |       0 |      25 |   0.0 |       0 |      18 |   0.0 |   830
           D:2 |       0 |     389 |   0.0 |       0 |      36 |   0.0 |  1384
           D:3 |       0 |     133 |   0.0 |       0 |      32 |   0.0 |  1030
           D:4 |       0 |     349 |   0.0 |       0 |      14 |   0.0 |  1074
           D:5 |       0 |     400 |   0.0 |       0 |      19 |   0.0 |   853
           D:6 |       0 |    1782 |   0.0 |       0 |      25 |   0.0 |   995
           D:7 |       0 |     302 |   0.0 |       0 |       8 |   0.0 |   907
           D:8 |       0 |    3418 |   0.0 |       0 |      38 |   0.0 |  1307
           D:9 |       0 |    1787 |   0.0 |       0 |      23 |   0.0 |   802
          D:10 |       0 |    5495 |   0.0 |       0 |      46 |   0.0 |  1014
          D:11 |       0 |    4418 |   0.0 |       0 |      38 |   0.0 |   809
          D:12 |       0 |    9313 |   0.0 |       0 |      72 |   0.0 |  1493
          D:13 |       0 |    7272 |   0.0 |       0 |      28 |   0.0 |  1139
          D:14 |       0 |   12943 |   0.0 |       0 |      29 |   0.0 |  1366
          D:15 |       0 |   19814 |   0.0 |       0 |      42 |   0.0 |  1848
        Lair:1 |       0 |    3968 |   0.0 |       0 |      20 |   0.0 |   869
        Lair:2 |       0 |    7944 |   0.0 |       0 |      25 |   0.0 |  1093
        Lair:3 |       0 |    7853 |   0.0 |       0 |      24 |   0.0 |  1106
        Lair:4 |       0 |   10042 |   0.0 |       0 |      39 |   0.0 |  1549
        Lair:5 |       0 |   10775 |   0.0 |       0 |      51 |   0.0 |  1347
        Lair:6 |       0 |   24553 |   0.0 |       0 |      75 |   0.0 |  1708
       Swamp:1 |       0 |   12568 |   0.0 |       0 |      34 |   0.0 |   591
       Swamp:2 |       0 |    9648 |   0.0 |       0 |      29 |   0.0 |   732
       Swamp:3 |       0 |   12651 |   0.0 |       0 |      24 |   0.0 |   820
       Swamp:4 |       0 |   27625 |   0.0 |       0 |      55 |   0.0 |   698
       Snake:1 |       0 |   22861 |   0.0 |       0 |      31 |   0.0 |  1539
       Snake:2 |       0 |   23312 |   0.0 |       0 |      44 |   0.0 |   962
       Snake:3 |       0 |   39278 |   0.0 |       0 |      67 |   0.0 |  1763
       Snake:4 |       0 |   61535 |   0.0 |       0 |      81 |   0.0 |  1483
       Slime:1 |       0 |   19228 |   0.0 |       0 |      43 |   0.0 |  1260
       Slime:2 |       0 |   18346 |   0.0 |       0 |      37 |   0.0 |   720
       Slime:3 |       0 |   15964 |   0.0 |       0 |      21 |   0.0 |   815
       Slime:4 |       0 |     196 |   0.0 |       0 |       1 |   0.0 |    12
         Orc:1 |       0 |    3446 |   0.0 |       0 |      25 |   0.0 |   701
         Orc:2 |       0 |   19086 |   0.0 |       0 |     145 |   0.0 |  3769
         Elf:1 |       0 |   22154 |   0.0 |       0 |      36 |   0.0 |   869
         Elf:2 |       0 |   40274 |   0.0 |       0 |      55 |   0.0 |  1197
         Elf:3 |       0 |   58733 |   0.0 |       0 |      56 |   0.0 |  2120
       Abyss:3 |       0 |    2260 |   0.0 |       0 |       5 |   0.0 |   209
               +---------+---------+-------+---------+---------+-------+---------
